AoeStats
← Robermad

Arabia

510545153Analyzed
1v1 RM · 5h ago on Oct 1, 2026· 45m 26s· 2 players
Game mode
Random Map
Map size
Tiny (2 player)
Population
200
Speed
Normal
Resources
Standard
Victory
Conquest
Starting age
Dark Age
Ending age
Imperial Age
RankedLock teamsTeams togetherTeam positionsShared explorationLock speedFull tech treeHidden civsTurbo modeCheats
Victory
Defeat
🇪🇸 Turks · Spain
1183
+16
🇨🇿 Varangians · Czechia
1176
-16
golemnewton
6:38 Loom
9:19 Feudal Age
9:29 Man-at-Arms
15:46 Double-Bit Axe
17:09 Fletching
22:20 Castle Age
22:20 Scale Barding Armor
22:26 Forging
23:07 Bloodlines
23:09 Husbandry
23:43 Bow Saw
23:28 Horse Collar
26:19 Wheelbarrow
29:30 Squires
30:11 Chain Barding Armor
30:29 Iron Casting
30:57 Gold Mining
31:06 Stone Mining
32:37 Heavy Plow
34:47 Hand Cart
35:47 Town Watch
42:31 Imperial Age
42:51 Cavalier
43:17 Elite Jarl
Robermad
5:54 Loom
8:56 Feudal Age
10:11 Horse Collar
21:35 Castle Age
20:38 Bloodlines
21:19 Forging
22:17 Husbandry
26:56 Double-Bit Axe
32:21 Ballistics
34:33 Wheelbarrow
33:44 Town Watch
39:21 Imperial Age
37:51 Fletching
38:08 Scale Barding Armor
38:39 Iron Casting
41:33 Heavy Camel Rider
44:36 Elite Janissary
Connection lost

Rejoining the realm…

Still unreachable

The connection could not be restored.

Session expired

The server has moved on; the page needs a fresh start.